 Dungeon Crawl Stone Soup version 0.25-a0-317-g5f8687bca5 (webtiles) character file.

Game seed: 10450327290204305798, levelgen mode: deterministic

28697 CrPA the Carver (level 13, -4/116 HPs)
             Began as a Minotaur Fighter on Dec 26, 2019.
             Was a High Priest of Makhleb.
             Slain by a death yak (9 damage)
             ... on level 6 of the Lair of Beasts on Dec 27, 2019.
             The game lasted 00:22:05 (14843 turns).

CrPA the Carver (Minotaur Fighter)                 Turns: 14843, Time: 00:22:06

Health: -4/116     AC: 18    Str: 25    XL:     13   Next: 11%
Magic:  18/18      EV:  7    Int:  5    God:    Makhleb [*****.]
Gold:   1040       SH: 13    Dex: 11    Spells: 12/12 levels left

rFire    . . .     SeeInvis .   H - +9 sword of Zonguldrok {reap}
rCold    . . .     Gourm    .   a - +0 shield "Jusol" {rElec}
rNeg     . . .     Faith    .   C - +0 plate armour
rPois    .         Spirit   .   (helmet restricted)
rElec    +         Reflect  .   M - +0 cloak
rCorr    .         Harm     .   l - +0 pair of gloves
MR       .....                  (no boots)
Stlth    ..........             (no amulet)
HPRegen  0.29/turn              (no ring)
MPRegen  0.16/turn              (no ring)

@: about to teleport
A: retaliatory headbutt, horns 2
a: Minor Destruction, Lesser Servant of Makhleb, Major Destruction, Greater
Servant of Makhleb, Renounce Religion


You were on level 6 of the Lair of Beasts.
You worshipped Makhleb.
Makhleb was extremely pleased with you.
You were not hungry.

You visited 2 branches of the dungeon, and saw 18 of its levels.

You collected 1116 gold pieces.
You spent 76 gold pieces at shops.

Inventory:

Hand Weapons
 b - the +11 flail "Zivangis" {protect, MR+}
   (You found it on level 6 of the Dungeon)

   It grants its wielder temporary protection when it strikes (+7 to AC).
   It affects your resistance to hostile enchantments.
 H - the +9 sword of Zonguldrok (weapon) {reap}
   (You found it on level 7 of the Dungeon)

   If a monster killed with it leaves a corpse in good enough shape, the corpse
   will be animated as a zombie friendly to the killer.
 V - a +1 broad axe of venom
 X - the +6 mace "Gum Myj" {flame, Dex+4, unknown}
   (You found it on level 1 of the Lair of Beasts)

   It has been specially enchanted to burn those struck by it, causing extra
   injury to most foes and up to half again as much damage against particularly
   susceptible opponents.
   It affects your dexterity (+4).
Missiles
 B - 70 poisoned darts (quivered)
Armour
 a - the +0 shield "Jusol" (worn) {rElec}
   (You acquired it on level 5 of the Lair of Beasts)

   It insulates you from electricity.
 l - a +0 pair of gloves (worn)
 C - a +0 plate armour (worn)
 M - a +0 cloak (worn)
Jewellery
 j - a cursed ring of attention {unknown}
 o - a +2 ring of strength {unknown}
 y - an uncursed ring of see invisible {unknown}
 D - a +2 ring of strength {unknown}
 K - an uncursed ring of fire {unknown}
 O - a cursed ring of teleportation {unknown}
 P - an uncursed ring of fire {unknown}
 T - an uncursed ring of protection from cold {unknown}
Wands
 p - a wand of polymorph (20)
 r - a wand of acid (8)
 w - a wand of random effects (36)
 x - a wand of flame (12)
 E - a wand of iceblast (14)
 J - a wand of clouds (5)
 L - a wand of disintegration (25)
 R - a wand of enslavement (22)
Scrolls
 g - 5 scrolls of amnesia
 h - 9 scrolls of teleportation
 m - 5 scrolls of remove curse
 v - a scroll of immolation
 z - a scroll of blinking
 F - 2 scrolls of enchant armour
Potions
 d - 3 potions of lignification
 e - 4 potions of cancellation
 k - a potion of berserk rage
 q - 4 potions of heal wounds
 t - 14 potions of curing
 u - 5 potions of flight
 A - 3 potions of haste
 G - a potion of agility
 N - a potion of mutation
 S - a potion of invisibility
 Y - a potion of might
Comestibles
 c - 3 chunks of flesh
 f - 42 rations


   Skills:
 + Level 11.6 Fighting
 * Level 12.7 Long Blades
 - Level 9.3 Axes
 + Level 11.5 Armour
 + Level 11.4 Shields
 + Level 8.7 Invocations


You had 12 spell levels left.
You didn't know any spells.
Your spell library contained the following spells:

 Spells                   Type           Power        Failure   Level  Hunger
 Animate Skeleton         Necr           N/A          100%        1    ##.....
 Apportation              Tloc           #.....       100%        1    ##.....
 Confusing Touch          Hex            #.....       100%        1    ##.....
 Magic Dart               Conj           #...         100%        1    ##.....
 Sting                    Tmut/Pois      #...         100%        1    ##.....
 Summon Small Mammal      Summ           #...         100%        1    ##.....
 Poisonous Vapours        Pois/Air       #.....       100%        2    ###....
 Searing Ray              Conj           #.....       100%        2    ###....
 Confuse                  Hex            #.......     100%        3    ####...
 Dazzling Flash           Conj/Hex       #.....       100%        3    ####...
 Gell's Gravitas          Tloc           #.........   100%        3    ####...
 Ignite Poison            Fire/Tmut/Pois #.......     100%        3    ####...
 Mephitic Cloud           Conj/Pois/Air  #.......     100%        3    ####...
 Fulminant Prism          Conj/Hex       #.........   100%        4    #####..
 Iskenderun's Mystic Bla  Conj/Tloc      #.......     100%        4    #####..
 Olgreb's Toxic Radiance  Pois           #.......     100%        4    #####..
 Petrify                  Tmut/Erth      #.......     100%        4    #####..
 Summon Lightning Spire   Summ/Air       #.......     100%        4    #####..
 Irradiate                Conj/Tmut      #.........   100%        5    ######.
 Metabolic Englaciation   Hex/Ice        #.........   100%        5    ######.
 Silence                  Hex/Air        #.........   100%        5    ######.
 Yara's Violent Unravell  Hex/Tmut       #.........   100%        5    ######.
 Conjure Ball Lightning   Conj/Air       #.........   100%        6    #######
 Deflect Missiles         Chrm/Air       #.........   100%        6    #######
 Hydra Form               Tmut           #.........   100%        6    #######
 Statue Form              Tmut/Erth      #........    100%        6    #######
 Dragon Form              Tmut           #.........   100%        7    #######
 Tornado                  Air            #.........   100%        9    #######


Dungeon Overview and Level Annotations

Branches:
Dungeon (12/15)            Temple (0/1) D:7            Lair (6/6) D:10
  Snake (0/4) Lair:2        Slime (0/5) Lair:5
  Swamp: Lair:2-4    Shoals: Lair:2-4       Orc: D:9-12

Altars:
Hepliaklqana
Makhleb
Qazlal
Vehumet
Wu Jian
Xom
Beogh

Shops:
D:7 *   D:9 [

Annotations:
D:4 2 transporters, exclusion: statue
D:9 exclusion: ice statue
Lair:1 exclusion: oklob plant
Lair:6 1 runed translucent door, Borgoz's ghost, journeyman GrBe


Innate Abilities, Weirdness & Mutations

You reflexively headbutt those who attack you in melee.
You have a pair of horns on your head.


Message History

The dire elephant trunk-slaps your black mamba zombie.
The polar bear bites you! You block the polar bear's attack. x2
You block the death yak's attack. The death yak gores you!!
* * * LOW HITPOINT WARNING * * *
Your black mamba zombie bites the dire elephant.
Your wolf zombie bites the dire elephant but does no damage.
The death yak closely misses your black mamba zombie.
As you read the scroll of teleportation, it crumbles to dust.
You feel strangely unstable.
Your black mamba zombie bites the dire elephant but does no damage.
The dire elephant tramples your black mamba zombie.
Your black mamba zombie holds its ground!
The dire elephant misses your black mamba zombie.
You block the polar bear's attack.
The polar bear claws you but does no damage. x2
Your wolf zombie bites the dire elephant.
The death yak gores you!!
* * * LOW HITPOINT WARNING * * *
The death yak gores you!
You die...

. ...÷.#...#
#...##♣.#
##...##.#
##.....#.#
......÷..##
.....÷.Z.P#
...###Y...##
.#######YZY....#
.....hh@Y##..###
........######
###.P..## #####


You could see a dire elephant, 3 death yaks, a polar bear, a black bear, a
friendly black mamba zombie and a friendly wolf zombie.

Vanquished Creatures
  A hydra (Lair:1)
  A catoblepas (Lair:6)
  A two-headed ogre (D:8)
  An elephant (Lair:6)
  2 black mambas (Lair:6)
  5 spiny frogs
  5 komodo dragons
  2 polar bears
  Grinder (D:6)
  3 hornets (D:9)
  Prince Ribbit (D:7)
  9 blink frogs
  4 hippogriffs
  6 dream sheep (Lair:4)
  Sigmund (D:2)
  16 yaks
  A basilisk (Lair:2)
  Eustachio (D:6)
  Edmund (D:6)
  31 water moccasins
  A soldier ant (D:9)
  A floating eye (Lair:6)
  7 porcupines
  6 orc warriors
  An ice beast (D:10)
  A phantom (D:7)
  A necrophage (D:7)
  3 sky beasts
  13 wolves
  5 centaurs
  3 ogres
  14 crocodiles
  2 big kobolds
  12 bullfrogs
  3 scorpions
  2 water moccasin skeletons
  8 wights
  3 howler monkeys (D:8)
  4 electric eels
  5 crimson imps
  A bullfrog zombie (D:10)
  A quasit (D:10)
  5 hounds
  8 jellies
  2 bullfrog skeletons
  4 orc priests
  2 centaur skeletons
  2 iguanas
  5 orc wizards
  8 worker ants
  A worker ant zombie (D:9)
  31 adders
  4 shadow imps
  3 oozes (Lair:5)
  An adder skeleton (D:6)
  An adder zombie (D:5)
  A worm (D:3)
  4 dart slugs
  3 leopard geckos
  45 orcs
  3 bats (D:1)
  10 giant cockroaches
  7 goblins
  7 hobgoblins
  12 jackals
  19 kobolds
  5 quokkas
  3 ball pythons
  5 frilled lizards
  8 rats
  A fungus (Lair:4)
400 creatures vanquished.

Vanquished Creatures (collateral kills)
  2 hydras
  A death yak (Lair:6)
  2 elephants (Lair:6)
  A black mamba (Lair:2)
  A torpor snail (Lair:4)
  A komodo dragon (Lair:5)
  A spiny frog (Lair:6)
  A hippogriff (Lair:4)
  4 blink frogs
  4 yaks
  6 water moccasins
  A swamp drake (Lair:4)
  A wolf (Lair:6)
  3 crocodiles
  A bullfrog (Lair:4)
  5 jellies (Lair:5)
  3 adders (Lair:4)
  An ooze (Lair:5)
  4 fungi
  2 plants (Lair:6)
45 creatures vanquished.

Vanquished Creatures (others)
  An adder (Lair:4)
  4 fungi
  5 plants
10 creatures vanquished.

Grand Total: 455 creatures vanquished

Notes
Turn   | Place    | Note
-------+----------+-------------------------------------------
     0 | D:1      | CrPA the Minotaur Fighter began the quest for the Orb.
     0 | D:1      | Reached XP level 1. HP: 19/19 MP: 0/0
    47 | D:1      | Reached XP level 2. HP: 20/27 MP: 1/1
   525 | D:2      | Reached XP level 3. HP: 15/33 MP: 2/2
   887 | D:2      | Noticed Sigmund
   896 | D:2      | Killed Sigmund
   896 | D:2      | Reached XP level 4. HP: 11/41 MP: 3/3
   896 | D:2      | Reached XP level 5. HP: 12/47 MP: 4/4
  2043 | D:3      | Noticed an ogre
  2047 | D:3      | Killed an ogre
  2047 | D:3      | Reached skill level 5 in Axes
  2047 | D:3      | Reached XP level 6. HP: 55/55 MP: 5/5
  2154 | D:3      | Reached skill level 5 in Fighting
  2154 | D:3      | Reached skill level 5 in Shields
  2861 | D:3      | Reached skill level 5 in Armour
  3192 | D:4      | Found a burning altar of Makhleb.
  3204 | D:4      | Became a worshipper of Makhleb the Destroyer
  3279 | D:4      | Found a hazy altar of Hepliaklqana.
  3281 | D:4      | Noticed a yak
  3281 | D:4      | Noticed a vampire
  3283 | D:4      | Found a transporter.
  3283 | D:4      | Noticed a hungry ghost
  3289 | D:4      | Found a transporter.
  3348 | D:4      | Found a radiant altar of Vehumet.
  3384 | D:4      | Reached XP level 7. HP: 61/61 MP: 6/6
  3626 | D:5      | Entered Level 5 of the Dungeon
  3950 | D:5      | Reached skill level 1 in Invocations
  4000 | D:5      | Noticed Blork the orc
  4001 | D:5      | Noticed Blork
  4001 | D:5      | Blork the orc changed into Blork the centaur
  4008 | D:5      | Killed Blork the centaur
  4176 | D:5      | Found a shimmering altar of Xom.
  4176 | D:5      | Found a stormy altar of Qazlal.
  4272 | D:6      | Reached * piety under Makhleb
  4398 | D:6      | Got a brightly glowing flail
  4438 | D:6      | Identified the +11 flail "Zivangis" {protect, MR+} (You
                  | found it on level 6 of the Dungeon)
  4470 | D:6      | Reached XP level 8. HP: 44/70 MP: 8/8
  4691 | D:6      | Noticed Edmund
  4701 | D:6      | Killed Edmund
  4780 | D:6      | Noticed Grinder
  4786 | D:6      | Killed Grinder
  4949 | D:6      | Noticed Eustachio
  4957 | D:6      | Killed Eustachio
  5053 | D:6      | Found an ornate altar of the Wu Jian Council.
  5568 | D:7      | Found a staircase to the Ecumenical Temple.
  5574 | D:7      | Reached XP level 9. HP: 79/79 MP: 10/10
  5576 | D:7      | Found Miaxtoqa's General Store.
  5625 | D:7      | Reached ** piety under Makhleb
  5636 | D:7      | Noticed Prince Ribbit
  5643 | D:7      | Killed Prince Ribbit
  5756 | D:7      | Found the +9 sword of Zonguldrok {reap}
  6130 | D:8      | Reached skill level 1 in Long Blades
  6297 | D:8      | Reached skill level 2 in Long Blades
  6370 | D:8      | Reached skill level 3 in Long Blades
  6652 | D:8      | Noticed a two-headed ogre
  6661 | D:8      | Killed a two-headed ogre
  6661 | D:8      | Reached skill level 4 in Long Blades
  7013 | D:9      | Reached XP level 10. HP: 88/88 MP: 12/12
  7086 | D:9      | Found Enyhein's Armour Boutique.
  7089 | D:9      | Bought a +0 cloak for 76 gold pieces
  7119 | D:9      | Reached skill level 5 in Long Blades
  7136 | D:9      | Reached skill level 5 in Invocations
  7155 | D:9      | Reached *** piety under Makhleb
  7289 | D:9      | Found a roughly hewn altar of Beogh.
  7343 | D:9      | Reached skill level 6 in Long Blades
  7606 | D:9      | Reached **** piety under Makhleb
  7669 | D:9      | Paralysed by a hornet for 2 turns
  7683 | D:9      | Paralysed by a hornet for 2 turns
  8200 | D:9      | Noticed an ice statue
  8249 | D:10     | Entered Level 10 of the Dungeon
  8435 | D:10     | Reached skill level 7 in Long Blades
  8496 | D:10     | Found a staircase to the Lair.
  8629 | D:10     | You fall into a shaft and drop 2 floors!
  9453 | Lair:1   | Entered Level 1 of the Lair of Beasts
  9477 | Lair:1   | Got a crystal mace
  9553 | Lair:1   | Noticed a spiny frog
  9562 | Lair:1   | Killed a spiny frog
  9743 | Lair:1   | Noticed a seven-headed hydra
  9754 | Lair:1   | Killed a seven-headed hydra
  9754 | Lair:1   | Reached skill level 8 in Long Blades
  9754 | Lair:1   | Reached XP level 11. HP: 80/97 MP: 14/14
 10626 | Lair:1   | Noticed an oklob plant
 10828 | Lair:2   | Reached skill level 9 in Long Blades
 10897 | Lair:2   | Reached ***** piety under Makhleb
 11199 | Lair:2   | Reached skill level 10 in Fighting
 11446 | Lair:2   | Reached skill level 10 in Armour
 11474 | Lair:2   | Found a staircase to the Snake Pit.
 11614 | Lair:2   | Reached skill level 10 in Shields
 11859 | Lair:2   | Reached skill level 10 in Long Blades
 12193 | Lair:3   | You fall into a shaft and drop 2 floors!
 12193 | Lair:5   | Noticed an eight-headed hydra
 12315 | Lair:4   | Reached XP level 12. HP: 107/107 MP: 16/16
 12639 | Lair:4   | Reached skill level 11 in Long Blades
 13106 | Lair:4   | You fall into a shaft and drop 1 floor!
 13546 | Lair:5   | Found a staircase to the Slime Pits.
 13556 | Lair:5   | Killed an eight-headed hydra
 14210 | Lair:5   | Identified a scroll of acquirement
 14213 | Lair:5   | Got a faintly humming shield
 14224 | Lair:5   | Identified the +0 shield "Jusol" {rElec} (You acquired it
                  | on level 5 of the Lair of Beasts)
 14251 | Lair:6   | Entered Level 6 of the Lair of Beasts
 14303 | Lair:6   | Reached skill level 12 in Long Blades
 14321 | Lair:6   | Noticed a four-headed hydra
 14330 | Lair:6   | Killed a four-headed hydra
 14626 | Lair:6   | Paralysed by a floating eye for 2 turns
 14634 | Lair:6   | Reached XP level 13. HP: 114/116 MP: 18/18
 14681 | Lair:6   | Found a runed translucent door.
 14681 | Lair:6   | Noticed Borgoz's ghost (journeyman GrBe)
 14837 | Lair:6   | Noticed a dire elephant
 14843 | Lair:6   | HP: 5/116 [death yak (18)]
 14843 | Lair:6   | Slain by a death yak

Levels and vault maps discovered:
D:1:      dpeg_arrival_simpleton_c, layout_rooms
D:2:      layout_basic, first_ration, uniq_sigmund
D:3:      layout_basic
D:4:      layout_rooms, vehumet_statue, gammafunk_temple_overflow_arena,
          old_standard_altar
D:5:      layout_rooms, gammafunk_temple_overflow_pools, uniq_blork_the_orc
D:6:      layout_basic, lemuel_coloured_pillars_altar, uniq_grinder,
          uniq_edmund, uniq_eustachio
D:7:      layout_basic, minmay_temple_entry_ruins, serial_shops, shop,
          uniq_prince_ribbit1
D:8:      statuecave_lemuel, layout_cave_pools
D:9:      lemuel_ice_statue, layout_loops_ring, serial_shops,
          nicolae_shop_behind_doors, special_room [special_room_orc],
          hangedman_pestilent_swarm, minmay_fractal_squares_gapless_5
D:10:     layout_irregular_city, lair_entry_dummy, minmay_starry_boxes
D:11:     layout_roguey, david_orc_4
D:12:     layout_loops_ring, serial_shops, shop, portal_ice_cave_demonic_guard
Lair:1:   layout_regular_city, minmay_lair_oklob_chamber, lemuel_fruit_fields,
          grunt_megastairs_4
Lair:2:   layout_loops_ring, minmay_snake_entry_six_corridors
Lair:3:   layout_cave_pods, minmay_shoals_entry_centaurs
Lair:4:   lemuel_reptile_caves, layout_misc_corridors, grunt_megastairs_1,
          infiniplex_staircase_pool
Lair:5:   layout_roguey, minmay_slime_entry_jelly_boxes
Lair:6:   grunt_lair_end_beastmaster, layout_concentric_octagons,
          gammafunk_ghost_grave, disabler_island, grunt_megastairs_5

Skill      XL: |  1  2  3  4  5  6  7  8  9 10 11 12 |
---------------+-------------------------------------+-----
Axes           | 3 4 5 6 7 8 9 |  9.3
Fighting       | 4 5 6 7 8 9 10 11 | 11.6
Shields        | 4 5 6 8 9 10 11 | 11.4
Armour         | 4 5 6 8 9 10 11 | 11.5
Invocations    | 2 3 4 6 7 8 |  8.7
Long Blades    | 4 8 10 12 | 12.7

Action                   |  1- 3 |  4- 6 |  7- 9 | 10-12 | 13-15 || total
-------------------------+-------+-------+-------+-------+-------++-------
Melee: War axe           |    63 |   132 |    92 |       |       ||   287
       Headbutt          |     8 |    16 |    35 |   143 |    11 ||   213
       Flail             |       |       |   137 |   262 |       ||   399
       Double sword      |       |       |       |   414 |    51 ||   465
Throw: Throwing net      |     1 |       |       |       |       ||     1
Invok: Lesser Servant of |       |       |       |     2 |       ||     2
Evoke: Wand              |       |       |    10 |     3 |       ||    13
  Use: Potion            |     1 |       |       |       |       ||     1
       Scroll            |       |       |       |    25 |     1 ||    26
 Stab: Distracted        |       |       |       |     5 |       ||     5
       Petrified         |       |       |       |       |     4 ||     4
  Eat: Chunk             |       |     5 |    10 |    16 |     1 ||    32
       Ration            |       |     1 |       |     3 |       ||     4
Armor: Scale mail        |    23 |    10 |       |       |       ||    33
       Chain mail        |       |    55 |    76 |       |       ||   131
       Plate armour      |       |       |    53 |   481 |    28 ||   562
Dodge: Dodged            |    22 |    42 |    43 |   172 |    13 ||   292
Block: Shield            |    30 |    64 |   141 |   476 |    39 ||   750
       Rpst.: Double sword |       |       |       |    32 |     4 ||    36

Table legend:
 A = Non-vault XP
 B = Vault XP
 C = Vault XP percentage of total XP
 D = Non-vault monster count
 E = Vault monster count
 F = Vault count percentage of total count
                 A         B        C        D         E       F
            +---------+---------+-------+---------+---------+-------
      Total |   27598 |   13399 |  32.7 |     313 |     125 |  28.5
            +---------+---------+-------+---------+---------+-------
        D:1 |      33 |       0 |   0.0 |      20 |       0 |   0.0
        D:2 |      51 |     223 |  81.4 |      15 |       1 |   6.2
        D:3 |     208 |       0 |   0.0 |      24 |       0 |   0.0
        D:4 |     221 |       0 |   0.0 |      18 |       0 |   0.0
        D:5 |     241 |     119 |  33.1 |      14 |       1 |   6.7
        D:6 |     775 |     655 |  45.8 |      23 |       3 |  11.5
        D:7 |     839 |     255 |  23.3 |      17 |       1 |   5.6
        D:8 |    1763 |       0 |   0.0 |      19 |       0 |   0.0
        D:9 |    1734 |    1452 |  45.6 |      29 |      26 |  47.3
       D:10 |     755 |      81 |   9.7 |      22 |       2 |   8.3
       D:11 |     690 |       0 |   0.0 |      12 |       0 |   0.0
     Lair:1 |    4471 |     137 |   3.0 |      19 |       1 |   5.0
     Lair:2 |    2752 |    1496 |  35.2 |      21 |      16 |  43.2
     Lair:4 |    4794 |    4207 |  46.7 |      26 |      43 |  62.3
     Lair:5 |    2405 |     315 |  11.6 |       9 |      15 |  62.5
     Lair:6 |    5866 |    4459 |  43.2 |      25 |      16 |  39.0
            +---------+---------+-------+---------+---------+-------
